General information
- name: BNet
- type: Ladder team game (AT/RT)
- host: Battle.net
- saver: NSANEINMEMBRANE
map: Cherryville
- players: 8
- length: 38:06
- speed: Fast
- version: 1.28 W3XP
- replay type: Public
» download(206 KB)
Players
team 1 (winner)

»
faast (
teal | 28 APM | 1053 actions | 38:05)
4 Blademaster
1 Wind Walk
2 Critical Strike
1 Mirror Image
2 Shadow Hunter
1 Healing Wave
1 Serpent Ward
» actions
| Basic commands | 19 | |
| Build / train | 58 | |
| Enter build submenu | 29 | |
| Enter hero's abilities submenu | 6 | |
| Right click | 416 | |
| Select / deselect | 460 | |
| Use ability | 65 | |
1053 total
» units
| Peon | 11 | |
| Grunt | 9 | |
| Troll Headhunter/Berserker | 5 | |
| Goblin Shredder | 1 | |
| Raider | 5 | |
| Wind Rider | 4 | |
35 total
» upgrades
| Melee Weapons | 2 | |
| Armor | 2 | |
| Spiked Barricades | 2 | |
| Ensnare | 1 | |
| Ranged Weapons | 1 | |
8 total
» buildings
| Altar of Storms | 3 | |
| Orc Burrow | 9 | |
| Barracks | 1 | |
| War Mill | 2 | |
| Watch Tower | 8 | |
| Stronghold | 2 | |
| Great Hall | 2 | |
| Beastiary | 2 | |
| Fortress | 1 | |
30 total
» build order
00:09 Altar of Storms
00:15 Orc Burrow
00:25 Barracks
01:44 Orc Burrow
02:20 War Mill
03:18 Orc Burrow
03:53 Watch Tower
05:06 Orc Burrow
05:35 Stronghold
05:36 Stronghold
06:17 Watch Tower
07:11 Watch Tower
07:36 Orc Burrow
08:31 Great Hall
09:53 Watch Tower
11:10 Watch Tower
11:56 Beastiary
12:40 Watch Tower
12:56 Watch Tower
13:06 Beastiary
13:49 Orc Burrow
14:49 Orc Burrow
15:28 Fortress
16:13 Watch Tower
17:23 Orc Burrow
20:12 Great Hall
22:21 Orc Burrow
22:48 War Mill
22:57 Altar of Storms
25:02 Altar of Storms
» items
| Scroll of Town Portal | 2 | |
| Potion of Lesser Invulnerability | 1 | |
| Scroll of Healing | 1 | |
4 total
RAINBOW.BOY (
blue | 41 APM | 1543 actions | 38:05)
4 Blademaster
2 Wind Walk
2 Critical Strike
» actions
| Assign group hotkey | 31 | |
| Basic commands | 154 | |
| Build / train | 75 | |
| Enter build submenu | 37 | |
| Enter hero's abilities submenu | 4 | |
| Give item / drop item | 3 | |
| Remove unit from queue | 3 | |
| Right click | 538 | |
| Select / deselect | 245 | |
| Select group hotkey | 356 | |
| Use ability | 97 | |
1543 total
» units
| Peon | 17 | |
| Wind Rider | 9 | |
| Goblin Shredder | 2 | |
| Goblin Sapper | 12 | |
40 total
» upgrades
| Reinforced Defenses | 1 | |
| Ranged Weapons | 2 | |
| Armor | 2 | |
5 total
» buildings
| Altar of Storms | 1 | |
| Orc Burrow | 6 | |
| War Mill | 1 | |
| Voodoo Lounge | 1 | |
| Watch Tower | 34 | |
| Stronghold | 3 | |
| Great Hall | 3 | |
| Fortress | 4 | |
| Beastiary | 3 | |
56 total
» build order
00:13 Altar of Storms
00:23 Orc Burrow
00:38 War Mill
01:12 Voodoo Lounge
01:55 Watch Tower
02:11 Watch Tower
02:45 Watch Tower
03:17 Stronghold
03:17 Stronghold
03:32 Orc Burrow
03:44 Watch Tower
04:14 Watch Tower
04:46 Great Hall
05:37 Watch Tower
05:37 Watch Tower
05:38 Watch Tower
05:53 Watch Tower
06:41 Fortress
06:41 Fortress
06:42 Fortress
06:46 Orc Burrow
07:03 Watch Tower
07:13 Watch Tower
08:08 Watch Tower
08:17 Watch Tower
08:17 Watch Tower
08:18 Watch Tower
08:55 Watch Tower
08:58 Watch Tower
09:27 Orc Burrow
10:43 Beastiary
11:53 Great Hall
11:58 Watch Tower
11:59 Watch Tower
12:00 Watch Tower
12:04 Watch Tower
12:04 Watch Tower
12:04 Watch Tower
12:05 Watch Tower
12:08 Watch Tower
12:09 Watch Tower
12:09 Watch Tower
12:09 Watch Tower
12:10 Watch Tower
12:37 Orc Burrow
14:42 Stronghold
17:03 Beastiary
17:09 Orc Burrow
17:40 Watch Tower
17:41 Watch Tower
17:41 Watch Tower
17:42 Watch Tower
17:44 Great Hall
17:47 Watch Tower
18:36 Fortress
19:31 Beastiary
» items
| Healing Salve | 2 | |
| Lesser Clarity Potion | 1 | |
| Staff of Teleportation | 1 | |
| Potion of Lesser Invulnerability | 3 | |
| Boots of Speed | 1 | |
| Orb of Lightning | 1 | |
| Scroll of Town Portal | 1 | |
10 total
NSANEINMEMBRANE (
orange | 44 APM | 1680 actions | 38:06)
5 Blademaster
3 Wind Walk
2 Critical Strike
» actions
| Assign group hotkey | 29 | |
| Basic commands | 180 | |
| Build / train | 63 | |
| Enter build submenu | 43 | |
| Enter hero's abilities submenu | 5 | |
| Give item / drop item | 8 | |
| Right click | 708 | |
| Select / deselect | 323 | |
| Select group hotkey | 161 | |
| Use ability | 160 | |
1680 total
» units
| Peon | 8 | |
| Grunt | 5 | |
| Goblin Shredder | 3 | |
| Goblin Zeppelin | 1 | |
| Goblin Sapper | 6 | |
| Troll Witch Doctor | 1 | |
| Wind Rider | 1 | |
25 total
» upgrades
| Reinforced Defenses | 1 | |
| Ranged Weapons | 2 | |
| Armor | 2 | |
| Witch Doctor Training | 2 | |
| Envenomed Spears | 1 | |
8 total
» buildings
| Orc Burrow | 3 | |
| Altar of Storms | 1 | |
| Barracks | 1 | |
| Voodoo Lounge | 1 | |
| Stronghold | 1 | |
| Great Hall | 1 | |
| War Mill | 1 | |
| Watch Tower | 27 | |
| Fortress | 1 | |
| Spirit Lodge | 1 | |
| Beastiary | 4 | |
42 total
» build order
00:13 Orc Burrow
00:51 Altar of Storms
00:52 Barracks
01:08 Orc Burrow
01:53 Voodoo Lounge
02:50 Stronghold
04:51 Great Hall
04:54 Orc Burrow
05:53 War Mill
07:05 Watch Tower
07:05 Watch Tower
07:06 Watch Tower
07:06 Watch Tower
07:17 Fortress
07:22 Watch Tower
07:44 Watch Tower
12:00 Watch Tower
12:00 Watch Tower
12:02 Watch Tower
12:03 Watch Tower
12:09 Watch Tower
12:11 Watch Tower
12:13 Watch Tower
12:14 Watch Tower
12:19 Watch Tower
14:23 Spirit Lodge
15:39 Watch Tower
15:44 Watch Tower
15:44 Watch Tower
15:44 Watch Tower
15:47 Watch Tower
15:48 Watch Tower
19:04 Watch Tower
19:05 Watch Tower
19:05 Watch Tower
19:06 Watch Tower
19:07 Watch Tower
23:39 Beastiary
23:41 Beastiary
23:44 Beastiary
23:46 Beastiary
» items
| Healing Salve | 5 | |
| Boots of Speed | 1 | |
| Staff of Teleportation | 1 | |
| Scroll of Town Portal | 3 | |
| Potion of Healing | 4 | |
| Lesser Clarity Potion | 3 | |
| Potion of Mana | 2 | |
| Orb of Lightning | 1 | |
| Periapt of Vitality | 1 | |
21 total

»
Wanderson.Cruz (
red | 49 APM | 1543 actions | 31:21)
3 Tauren Chieftain
2 Endurance Aura
1 Shockwave
1 Shadow Hunter
1 Hex
1 Dark Ranger
1 Black Arrow
» actions
| Assign group hotkey | 25 | |
| Build / train | 71 | |
| Enter build submenu | 19 | |
| Enter hero's abilities submenu | 5 | |
| Give item / drop item | 4 | |
| Remove unit from queue | 3 | |
| Right click | 1066 | |
| Select / deselect | 291 | |
| Select group hotkey | 17 | |
| Use ability | 42 | |
1543 total
» units
| Peon | 12 | |
| Grunt | 4 | |
| Shaman | 1 | |
| Troll Witch Doctor | 1 | |
| Tauren | 1 | |
19 total
» upgrades
| Melee Weapons | 3 | |
| Armor | 2 | |
| Spiked Barricades | 2 | |
| Shaman Training | 3 | |
| Witch Doctor Training | 3 | |
| Pillage | 1 | |
| Backpack | 1 | |
| Reinforced Defenses | 1 | |
| Spirit Walker Training | 1 | |
17 total
» buildings
| Orc Burrow | 8 | |
| Altar of Storms | 1 | |
| Barracks | 1 | |
| War Mill | 1 | |
| Voodoo Lounge | 1 | |
| Stronghold | 2 | |
| Fortress | 2 | |
| Spirit Lodge | 2 | |
| Tauren Totem | 1 | |
19 total
» build order
00:34 Orc Burrow
00:40 Altar of Storms
01:33 Orc Burrow
01:53 Barracks
02:20 War Mill
03:14 Voodoo Lounge
04:36 Orc Burrow
04:39 Orc Burrow
06:00 Stronghold
06:00 Stronghold
06:34 Orc Burrow
08:41 Fortress
08:46 Spirit Lodge
08:49 Spirit Lodge
12:16 Tauren Totem
12:45 Orc Burrow
17:02 Orc Burrow
17:47 Orc Burrow
» items
| Healing Salve | 3 | |
| Scroll of Healing | 1 | |
| Lesser Clarity Potion | 1 | |
| Orb of Lightning | 1 | |
6 total
team 2 (loser)
QuiK_iMPULsE (
pink | 60 APM | 1051 actions | 17:38)
4 Death Knight
2 Death Coil
2 Unholy Aura
3 Lich
2 Frost Nova
1 Frost Armor
» actions
| Assign group hotkey | 13 | |
| Basic commands | 15 | |
| Build / train | 51 | |
| ESC pressed | 4 | |
| Enter build submenu | 17 | |
| Enter hero's abilities submenu | 7 | |
| Give item / drop item | 4 | |
| Right click | 576 | |
| Select / deselect | 212 | |
| Select group hotkey | 87 | |
| Use ability | 65 | |
1051 total
» units
| Acolyte | 11 | |
| Ghoul | 3 | |
| Crypt Fiend | 13 | |
| Obsidian Statue | 2 | |
29 total
» upgrades
| Cannibalize | 2 | |
| Creature Attack | 1 | |
3 total
» buildings
| Ziggurat | 4 | |
| Altar of Darkness | 1 | |
| Crypt | 2 | |
| Graveyard | 1 | |
| Nerubian Tower | 1 | |
| Tomb of Relics | 1 | |
| Halls of the Dead | 1 | |
| Slaughterhouse | 1 | |
12 total
» build order
00:24 Ziggurat
00:26 Altar of Darkness
00:39 Crypt
01:01 Ziggurat
01:55 Crypt
02:21 Graveyard
02:26 Nerubian Tower
02:49 Ziggurat
03:07 Tomb of Relics
04:28 Halls of the Dead
07:12 Slaughterhouse
07:16 Ziggurat
» items
THBANEOF4SNOOBS (
green | 92 APM | 3512 actions | 38:05)
6 Blademaster
3 Wind Walk
3 Critical Strike
4 Shadow Hunter
2 Healing Wave
2 Hex
» actions
| Assign group hotkey | 82 | |
| Basic commands | 28 | |
| Build / train | 113 | |
| Enter build submenu | 45 | |
| Enter hero's abilities submenu | 10 | |
| Give item / drop item | 9 | |
| Right click | 1580 | |
| Select / deselect | 486 | |
| Select group hotkey | 947 | |
| Use ability | 212 | |
3512 total
» units
| Peon | 11 | |
| Grunt | 7 | |
| Goblin Zeppelin | 2 | |
| Goblin Shredder | 3 | |
| Wind Rider | 2 | |
| Troll Headhunter/Berserker | 3 | |
| Kodo Beast | 1 | |
| Shaman | 2 | |
| Troll Witch Doctor | 2 | |
33 total
» upgrades
| Armor | 3 | |
| Berserker Strength | 1 | |
| Ranged Weapons | 3 | |
| Pillage | 1 | |
| Reinforced Defenses | 1 | |
| Envenomed Spears | 1 | |
| Melee Weapons | 3 | |
| Spiked Barricades | 3 | |
| Troll Regeneration | 1 | |
| War Drums Damage Increase | 1 | |
| Ensnare | 1 | |
| Liquid Fire | 1 | |
| Shaman Training | 2 | |
| Witch Doctor Training | 2 | |
| Pulverize | 1 | |
| Masonry | 1 | |
| Berserker Upgrade | 1 | |
| Spirit Walker Training | 2 | |
| Burning Oil | 1 | |
30 total
» buildings
| Orc Burrow | 7 | |
| Altar of Storms | 1 | |
| Barracks | 2 | |
| Voodoo Lounge | 1 | |
| Stronghold | 3 | |
| War Mill | 1 | |
| Great Hall | 1 | |
| Fortress | 2 | |
| Watch Tower | 18 | |
| Beastiary | 4 | |
| Spirit Lodge | 2 | |
| Tauren Totem | 1 | |
43 total
» build order
00:04 Orc Burrow
00:51 Altar of Storms
00:53 Barracks
01:19 Orc Burrow
01:49 Voodoo Lounge
02:44 Orc Burrow
03:36 Stronghold
03:36 Stronghold
04:11 War Mill
04:46 Great Hall
06:02 Fortress
06:13 Watch Tower
06:32 Watch Tower
06:43 Watch Tower
07:19 Watch Tower
07:29 Watch Tower
07:39 Watch Tower
12:03 Beastiary
12:37 Orc Burrow
13:44 Watch Tower
13:47 Watch Tower
13:52 Beastiary
13:57 Watch Tower
15:05 Watch Tower
15:27 Watch Tower
15:31 Watch Tower
16:35 Orc Burrow
16:39 Orc Burrow
17:27 Orc Burrow
17:34 Beastiary
17:36 Beastiary
20:51 Spirit Lodge
20:55 Spirit Lodge
21:35 Barracks
21:46 Tauren Totem
23:09 Watch Tower
23:10 Watch Tower
23:26 Watch Tower
23:27 Watch Tower
23:28 Watch Tower
23:29 Watch Tower
» items
| Healing Salve | 5 | |
| Scroll of Speed | 1 | |
| Lesser Clarity Potion | 3 | |
| Periapt of Vitality | 2 | |
| Circlet of Nobility | 2 | |
| Orb of Lightning | 2 | |
| Boots of Speed | 2 | |
| Scroll of Town Portal | 1 | |
18 total
officialpepsi (
yellow | 38 APM | 739 actions | 19:20)
3 Crypt Lord
1 Impale
2 Carrion Beetles
2 Death Knight
1 Death Coil
1 Death Pact
» actions
| Assign group hotkey | 28 | |
| Basic commands | 1 | |
| Build / train | 43 | |
| Enter build submenu | 16 | |
| Enter hero's abilities submenu | 5 | |
| Give item / drop item | 3 | |
| Right click | 228 | |
| Select / deselect | 174 | |
| Select group hotkey | 200 | |
| Use ability | 41 | |
739 total
» units
| Acolyte | 5 | |
| Ghoul | 3 | |
| Crypt Fiend | 8 | |
| Obsidian Statue | 3 | |
19 total
» upgrades
| Creature Attack | 1 | |
| Burrow | 1 | |
| Web | 1 | |
| Destroyer Form | 1 | |
4 total
» buildings
| Altar of Darkness | 1 | |
| Crypt | 2 | |
| Ziggurat | 5 | |
| Graveyard | 1 | |
| Tomb of Relics | 1 | |
| Nerubian Tower | 2 | |
| Spirit Tower | 2 | |
| Halls of the Dead | 1 | |
| Necropolis | 1 | |
| Slaughterhouse | 2 | |
| Sacrificial Pit | 2 | |
| Black Citadel | 1 | |
21 total
» build order
00:22 Altar of Darkness
00:26 Crypt
00:43 Ziggurat
01:15 Graveyard
01:37 Tomb of Relics
02:49 Nerubian Tower
03:27 Ziggurat
04:15 Ziggurat
05:53 Crypt
08:08 Spirit Tower
08:42 Halls of the Dead
09:59 Necropolis
11:13 Ziggurat
11:16 Slaughterhouse
11:24 Slaughterhouse
11:35 Ziggurat
12:16 Sacrificial Pit
13:35 Spirit Tower
13:37 Nerubian Tower
15:33 Black Citadel
15:52 Sacrificial Pit
» items
| Rod of Necromancy | 1 | |
| Dust of Appearance | 2 | |
| Periapt of Vitality | 1 | |
| Scroll of Healing | 1 | |
| Scroll of Town Portal | 2 | |
7 total
MajorNewbs (
purple | 36 APM | 701 actions | 19:16)
3 Blood Mage
1 Flame Strike
2 Siphon Mana
» actions
| Basic commands | 31 | |
| Build / train | 59 | |
| Enter build submenu | 23 | |
| Enter hero's abilities submenu | 3 | |
| Right click | 225 | |
| Select / deselect | 254 | |
| Use ability | 106 | |
701 total
» units
| Peasant | 11 | |
| Mortar Team | 14 | |
| Sorceress | 2 | |
| Spell Breaker | 1 | |
28 total
» upgrades
| Gunpowder | 3 | |
| Armor | 3 | |
| Flare | 1 | |
| Fragmentation Shards | 1 | |
| Flak Cannons | 1 | |
9 total
» buildings
| Lumber Mill | 1 | |
| Farm | 9 | |
| Scout Tower | 6 | |
| Altar of Kings | 1 | |
| Arcane Tower | 1 | |
| Blacksmith | 1 | |
| Keep | 1 | |
| Castle | 1 | |
| Workshop | 3 | |
| Arcane Vault | 1 | |
| Arcane Sanctum | 1 | |
| Guard Tower | 3 | |
29 total
» build order
00:29 Lumber Mill
01:15 Farm
01:28 Scout Tower
01:54 Altar of Kings
01:58 Arcane Tower
02:01 Farm
02:39 Blacksmith
02:57 Keep
03:02 Farm
03:44 Farm
03:53 Farm
04:33 Farm
05:25 Castle
05:28 Workshop
05:34 Workshop
05:37 Workshop
06:39 Farm
10:16 Arcane Vault
12:47 Arcane Sanctum
13:12 Farm
13:15 Scout Tower
13:56 Farm
14:37 Guard Tower
14:38 Scout Tower
15:25 Guard Tower
15:26 Scout Tower
16:04 Guard Tower
16:05 Scout Tower
16:22 Scout Tower
» items
| Circlet of Nobility | 1 | |
| Boots of Speed | 1 | |
| Scroll of Protection | 2 | |
| Scroll of Regeneration | 1 | |
| Scroll of Town Portal | 1 | |
| Potion of Healing | 3 | |
9 total
Chat log
(00:59 / Allies) RAINBOW.BOY: oj are u bob?
(01:13 / Allies) NSANEINMEMBRANE: No my name is THE TURTLE KING
(01:31 / Allies) RAINBOW.BOY: he literally always on other team
(02:25 / Allies) RAINBOW.BOY: i love our 4v4 clan. we got some good players
(02:40 / Allies) NSANEINMEMBRANE: s4z way better than s4s
(03:22 / Allies) RAINBOW.BOY: red can u clear me an expo plz
(03:45 / Allies) Wanderson.Cruz: go
(03:51 / Allies) RAINBOW.BOY: buying tp staff
(05:17 / Allies) RAINBOW.BOY: oj want shredder?
(05:19 / Allies) NSANEINMEMBRANE: yes
(07:36 / Allies) RAINBOW.BOY: damn red tc with 8 armor
(08:24 / Allies) Wanderson.Cruz: blue
(08:28 / Allies) Wanderson.Cruz: go dude
(08:48 / Allies) RAINBOW.BOY: let me get lvl 3 real quick hen we hit
(09:36 / Allies) RAINBOW.BOY: wood plz
(10:23 / Allies) NSANEINMEMBRANE: get h is gold mine
(10:25 / Allies) NSANEINMEMBRANE: wind walk
(10:28 / Allies) NSANEINMEMBRANE: and get his gold mine
(11:11 / Allies) NSANEINMEMBRANE: gold mine
(11:12 / Allies) RAINBOW.BOY: wood
(11:20 / Allies) NSANEINMEMBRANE: gold mine
(11:25 / Allies) RAINBOW.BOY: wood
(11:26 / Allies) RAINBOW.BOY: wood
(11:32 / Allies) NSANEINMEMBRANE: jesus chirst teal lol
(13:38 / All) NSANEINMEMBRANE: raped lol
(13:54 / All) NSANEINMEMBRANE: raped
(14:00 / All) NSANEINMEMBRANE: 2 late bud
(14:07 / All) NSANEINMEMBRANE: you're thru in this town
(14:28 / Allies) NSANEINMEMBRANE: did he warn us about mortars
(14:53 / Allies) RAINBOW.BOY: last secon eys
(15:38 / Allies) Wanderson.Cruz: oj
(16:01 / Allies) NSANEINMEMBRANE: back up teal
(16:37 / All) NSANEINMEMBRANE: lol
(16:52 / All) MajorNewbs: undead newbs on Myt team
(17:19 / Allies) Wanderson.Cruz: nice blkue
(17:21 / All) MajorNewbs: pink and yellow are newbs
(17:23 / All) MajorNewbs: for sure
(17:24 / Allies) Wanderson.Cruz: u fucked
(17:40 / Allies) Wanderson.Cruz: plz gold dude
(17:41 / All) NSANEINMEMBRANE: lol
(17:46 / All) MajorNewbs: told you
(17:52 / All) MajorNewbs: two undead newbs
(17:54 / All) MajorNewbs: horrid
(17:57 / All) RAINBOW.BOY: out
(18:08 / Allies) Wanderson.Cruz: gold blue
(18:14 / All) NSANEINMEMBRANE: lol
(18:34 / All) MajorNewbs: green is garbage too, newb has 6500 gold
(18:36 / All) MajorNewbs: hoarding
(18:38 / Allies) Wanderson.Cruz: gold blue
(18:39 / All) THBANEOF4SNOOBS: lol
(18:40 / Allies) Wanderson.Cruz: come on man
(18:44 / Allies) Wanderson.Cruz: what fucl
(18:46 / Allies) Wanderson.Cruz: easy
(18:50 / Allies) Wanderson.Cruz: GOLD dude
(18:56 / All) THBANEOF4SNOOBS: done more than you all game not spending gold
(18:59 / Allies) Wanderson.Cruz: u have 3k
(19:00 / All) THBANEOF4SNOOBS: with 3 grunts and 2 heroes
(19:01 / All) MajorNewbs: all three of these newbs on My side are garb age
(19:10 / Allies) RAINBOW.BOY: dude say how much you want
(20:37 / Allies) RAINBOW.BOY: red wtf
(20:41 / All) THBANEOF4SNOOBS: my team all left
(20:49 / All) RAINBOW.BOY: red tked oj not sure
(21:05 / Allies) Wanderson.Cruz: yeh
(21:05 / All) NSANEINMEMBRANE: He was menacing my peons
(21:08 / Allies) Wanderson.Cruz: gn
(21:11 / All) NSANEINMEMBRANE: I was scared for my peons lives
(21:13 / Allies) Wanderson.Cruz: im sleep
(21:25 / Allies) Wanderson.Cruz: take all ngt guys
(21:54 / All) NSANEINMEMBRANE: aint gonna be no rematch
(23:25 / All) RAINBOW.BOY: lol
(23:28 / All) NSANEINMEMBRANE: teal is tk
(23:35 / All) THBANEOF4SNOOBS: teal tked you?
(23:36 / All) RAINBOW.BOY: teal tked our sappers
(23:46 / All) RAINBOW.BOY: that were not suspicously by his mine
(23:48 / All) faast: blue and oj are
(23:56 / All) THBANEOF4SNOOBS: lol
(23:57 / All) THBANEOF4SNOOBS: you tked them
(24:01 / All) THBANEOF4SNOOBS: so you try to say they are the tkers
(24:01 / All) faast: nah
(24:13 / All) faast: sure whatever
(25:12 / All) RAINBOW.BOY: hacker teal down
(25:27 / All) NSANEINMEMBRANE: RUN RUNNER
(27:18 / All) faast: they are killing their bases now, since they TKd us
(27:24 / All) faast: sit tight and you can win it
(27:25 / All) THBANEOF4SNOOBS: looks like I win
(27:30 / All) THBANEOF4SNOOBS: easy son
(27:30 / All) faast: you can
(27:36 / All) THBANEOF4SNOOBS: gg out
(28:31 / All) THBANEOF4SNOOBS: I always get fucking one stabber team
(28:44 / All) THBANEOF4SNOOBS: match making system is rigged
(28:50 / All) RAINBOW.BOY: its odd
(28:56 / All) THBANEOF4SNOOBS: RIGGED, I TELL YA
(29:15 / All) NSANEINMEMBRANE: gOTHEEM
(29:39 / All) faast: they have no bases, so you if you can get those heroes you win
(30:41 / All) faast: seems odd that someone would go through all the trouble
(30:50 / All) faast: there is no prize or medal to win
(30:55 / All) faast: old ass game
(31:04 / Allies) Wanderson.Cruz: lol
(31:07 / Allies) Wanderson.Cruz: bullshit
(31:15 / Allies) Wanderson.Cruz: u have time for just that ???
(31:17 / Allies) Wanderson.Cruz: lol
(31:20 / Allies) Wanderson.Cruz: come on dude
(31:50 / All) faast: gj green
(31:58 / All) THBANEOF4SNOOBS: thanks, I worked hard for this win
(32:06 / All) faast: cant believe your team left
(32:37 / All) NSANEINMEMBRANE: green worked as hard for his win as I did this body
(32:38 / All) faast: two towers left
(32:42 / All) NSANEINMEMBRANE: SLIM TRIM AND 217 LBS!
(32:46 / All) NSANEINMEMBRANE: PLAYBOY BUDDY ROSE!
(32:48 / All) faast: top right
(33:29 / All) faast: gg
(34:19 / All) THBANEOF4SNOOBS: jake bm duel in center?
(34:27 / All) NSANEINMEMBRANE: Jake had an accident
(34:35 / All) NSANEINMEMBRANE: He slipped and fell on Daisho's sword, oops
(35:43 / All) THBANEOF4SNOOBS: reveal middle
(36:15 / All) THBANEOF4SNOOBS: so many wards
(37:39 / All) NSANEINMEMBRANE: FAAST
(37:42 / All) NSANEINMEMBRANE: WHAT IS HAPPENING
(37:45 / All) THBANEOF4SNOOBS: end it fast
(37:53 / All) NSANEINMEMBRANE: Aite den